 Dungeon Crawl Stone Soup version 0.23.0-3-gf3c87f2df8 (webtiles) character file.

Game seed: 16789290610797682654

177103 Jannitor the Thaumaturge (level 16, -12/146 HPs)
             Began as a Demigod Venom Mage on Feb 23, 2019.
             Blown up by a conjurer statue (61 damage)
             ... with an orb of destruction
             ... in a wizard's laboratory.
             The game lasted 01:55:24 (43337 turns).

Jannitor the Thaumaturge (Demigod Venom Mage)      Turns: 43337, Time: 01:55:25

Health: -12/146    AC: 17    Str: 17    XL:     16   Next: 70%
Magic:  29/37      EV: 16    Int: 23    God:
Gold:   647        SH: 12    Dex: 18    Spells: 9/38 levels left

rFire    + . .     SeeInvis +   z - +8 demon trident (venom)
rCold    + + .     Gourm    .   Y - +0 shield
rNeg     . . .     Faith    .   x - +4 skin of Zhor {Hibernate rC+++ SInv}
rPois    .         Spirit   .   n - +2 hat
rElec    .         Reflect  .   L - +2 cloak
rCorr    .         Harm     .   l - +2 pair of gloves
MR       +....                  (no boots)
Stlth    ++........             e - amulet of regeneration
HPRegen  0.74/turn              Z - +3 ring of protection
MPRegen  0.25/turn              j - ring of fire

@: no status effects
A: high mp 1, robust 1, strong 1
}: 1/15 runes: gossamer
a: no special abilities


You were in a wizard's laboratory.
You were not hungry.

You visited 6 branches of the dungeon, and saw 30 of its levels.
You also visited: Ossuary and Wizlab.

You collected 3345 gold pieces.
You spent 2698 gold pieces at shops.

Inventory:

Hand Weapons
 z - a +8 demon trident of venom (weapon)
Missiles
 K - 5 throwing nets (quivered)
Armour
 l - a +2 pair of gloves (worn)
 n - a +2 hat (worn)
 x - the +4 skin of Zhor (worn) {Hibernate rC+++ SInv}
   (You bought it in a shop on level 2 of the Orcish Mines)

   It renders you almost immune to cold.
   It lets you see invisible.
 L - a +2 cloak (worn)
 U - the +10 large shield of Ignorance {rN+ Int-4}
   (You took it off Louise on level 15 of the Dungeon)

   It affects your intelligence (-4).
   It protects you from negative energy.
 Y - a +0 shield (worn)
Jewellery
 e - an amulet of regeneration (around neck)
 j - a ring of fire (right hand)
 v - an uncursed ring of resist corrosion
 w - an uncursed ring of see invisible
 Z - a +3 ring of protection (left hand)
Wands
 d - a wand of disintegration (22)
 t - a wand of digging (17)
 y - a wand of iceblast (2)
 I - a wand of scattershot (7)
 Q - a wand of flame (21)
 R - a wand of clouds (3)
 S - a wand of paralysis (14)
 T - a wand of polymorph (12)
 V - a wand of enslavement (25)
Scrolls
 a - 4 scrolls of silence
 b - 2 scrolls of amnesia
 f - 2 scrolls of vulnerability
 k - 7 scrolls of remove curse
 A - 9 scrolls of teleportation
 H - 3 scrolls of blinking
 J - 10 scrolls of identify
 N - 3 scrolls of immolation
 O - 4 scrolls of holy word
 W - 4 scrolls of fear
 X - a scroll of brand weapon
Potions
 h - 6 potions of flight
 i - 6 potions of lignification
 o - 6 potions of might {unknown}
 p - 3 potions of agility
 q - 2 potions of heal wounds
 r - a potion of berserk rage
 u - 7 potions of curing
 B - a potion of haste
 C - 7 potions of degeneration {degen, unknown}
 D - 4 potions of resistance
 E - 4 potions of mutation
 F - 2 potions of invisibility
 G - 2 potions of brilliance
 M - 2 potions of cancellation {unknown}
 P - 4 potions of ambrosia
Miscellaneous
 m - a lamp of fire
Comestibles
 c - 40 rations


   Skills:
 - Level 9.6 Fighting
   Level 1.8(7.1) Short Blades
   Level 10.7(10.8) Long Blades
 - Level 9.6 Polearms
 - Level 4.6 Armour
 - Level 7.2 Dodging
 - Level 1.7 Stealth
 - Level 10.4 Shields
 - Level 11.9 Spellcasting
 - Level 7.3 Conjurations
 + Level 1.0 Hexes
 + Level 1.1 Summonings
 - Level 10.2 Fire Magic
 - Level 3.2 Air Magic
 - Level 9.1 Poison Magic


You had 9 spell levels left.
You knew the following spells:

 Your Spells              Type           Power        Failure   Level  Hunger
a - Sting                 Conj/Pois      ####         1%          1    None
b - Poisonous Vapours     Pois/Air       #####.       1%          2    None
c - Mephitic Cloud        Conj/Pois/Air  #####...     1%          3    None
d - Olgreb's Toxic Radia  Pois           ######..     1%          4    None
e - Sticky Flame          Conj/Fire      ######..     2%          4    None
f - Fireball              Conj/Fire      ######....   6%          5    ####...
g - Venom Bolt            Conj/Pois      ######....   8%          5    ####...
h - Summon Mana Viper     Hex/Summ       ###.....     82%         5    ####...

Your spell library contained the following spells:

 Spells                   Type           Power        Failure   Level  Hunger
 Flame Tongue             Conj/Fire      #####        1%          1    None
 Magic Dart               Conj           ####         1%          1    None
 Searing Ray              Conj           #####.       1%          2    None
 Throw Flame              Conj/Fire      ######       1%          2    None
 Conjure Flame            Conj/Fire      ######..     1%          3    None
 Throw Frost              Conj/Ice       ####..       2%          2    None
 Inner Flame              Hex/Fire       ######..     2%          3    None
 Dazzling Spray           Conj/Hex       ####..       4%          3    None
 Iskenderun's Mystic Bla  Conj           #####...     4%          4    None
 Confusing Touch          Hex            ###...       5%          1    None
 Corona                   Hex            ###....      5%          1    None
 Summon Butterflies       Summ           ###.....     5%          1    None
 Summon Small Mammal      Summ           ###.         5%          1    None
 Call Imp                 Summ           ###.....     8%          2    None
 Animate Skeleton         Necr           N/A          9%          1    None
 Apportation              Tloc           ##....       9%          1    None
 Freeze                   Ice            ##..         9%          1    None
 Ensorcelled Hibernation  Hex/Ice        ###...       10%         2    None
 Fulminant Prism          Conj/Hex       ####......   14%         4    None
 Call Canine Familiar     Summ           ###.....     16%         3    None
 Confuse                  Hex            ###.....     16%         3    None
 Summon Guardian Golem    Hex/Summ       ###.....     16%         3    None
 Tukima's Dance           Hex            ###.....     16%         3    None
 Force Lance              Conj/Tloc      ####....     19%         4    None
 Throw Icicle             Conj/Ice       ####....     19%         4    None
 Gell's Gravitas          Tloc           ##........   26%         3    None
 Ozocubu's Armour         Chrm/Ice       ##......     26%         3    None
 Summon Lightning Spire   Summ/Air       ###.....     32%         4    None
 Irradiate                Conj/Tmut      ####......   45%         5    ####...
 Summon Ice Beast         Ice/Summ       ###.....     54%         4    None
 Petrify                  Tmut/Erth      ##......     63%         4    None
 Metabolic Englaciation   Hex/Ice        ###.......   88%         5    ####...
 Yara's Violent Unravell  Hex/Tmut       ###.......   88%         5    ####...
 Hydra Form               Tmut           ##........   100%        6    #####..
 Statue Form              Tmut/Erth      ##.......    100%        6    #####..
 Dragon Form              Tmut           ##........   100%        7    #######
 Summon Hydra             Summ           ###.......   100%        7    #######


Dungeon Overview and Level Annotations

Branches:
Dungeon (15/15)            Temple (0/1) D:5            Lair (6/6) D:8
 Shoals (2/4) Lair:3       Spider (4/4) Lair:2        Slime (0/5) Lair:5
    Orc (2/2) D:9             Elf (0/3) Orc:2        Vaults (1/5) D:14
 Depths: D:15

Shops:
D:5 :(%(%   D:6 [   D:14 :   Orc:2 *!([

Annotations:
D:3 exclusion: 2 doors
D:5 Dowan, Duvessa
D:6 3 runed translucent doors, SharpKris's ghost, novice HOFE
D:15 2 transporters, exclusion: fire dragon, ciphuk's ghost, adept GnVM WizLab exclusion: statue


Innate Abilities, Weirdness & Mutations

You have an increased reservoir of magic. (+10% MP)
You are robust. (+10% HP)
Your muscles are strong. (Str +2)


Message History

You swap places.
The orb of destruction hits your mana viper!!!
Your mana viper is blown up!
The purple draconian breathes dispelling energy at you.
The bolt of dispelling energy hits you!!!
Your magical effects are unravelling.
* * * LOW HITPOINT WARNING * * *
The conjurer statue conjures an orb of pure magic.
An orb of destruction comes into view.
You feel a little less clever now.
You radiate an aura of cold.
The orb of destruction is unaffected.
Your mana viper resists.
Your mana viper is no longer moving slowly.
Casting: Summon Mana Viper (very dangerous; 82% risk of failure)
Confirm with . or Enter, or press ? or * to list all spells.
The spell is very dangerous to cast (82% risk of failure)!
Continue anyway?
Okay, then.
Unknown command.
You feel much better. The orb of destruction hits you!!!
You die...

..§. #.d..§§
.......§.§##
##........#.
#..........
..........#
...........##
.........##@#
...8○○○○S○○##
.........##.#
.........#∩##
........§##.#
....#.###§#.#
#.# #.#§##§##
.#.#§§## #
######


You could see a purple draconian and a friendly mana viper.

Vanquished Creatures
  6 ghost moths
  Louise (D:15)
  A vault warden (Vaults:1)
  5 emperor scorpions
  An ironheart preserver (D:14)
  2 entropy weavers (Lair:2)
  A deep elf annihilator (Vaults:1)
  2 spark wasps
  Snorg (D:14)
  A deep elf death mage (Vaults:1)
  A fire dragon (D:14)
  Fannar (Orc:1)
  A rakshasa (Vaults:1)
  Harold (D:7)
  4 hydras
  A centaur warrior (D:14)
  2 vault guards (Vaults:1)
  A catoblepas (D:15)
  4 merfolk avatars
  Erica (D:10)
  3 tengu warriors (D:14)
  An ogre mage (Vaults:1)
  8 two-headed ogres
  A merfolk aquamancer (Shoals:1)
  6 death yaks
  A queen ant (Spider:1)
  5 orc high priests
  2 unseen horrors
  A sea snake (Lair:3)
  An ironbrand convoker (Vaults:1)
  An orc knight (Orc:2)
  A wizard (D:15)
  2 deep elf magi
  4 harpies
  A necromancer (Lair:6)
  2 orc sorcerers (Orc:2)
  19 orb spiders
  9 ugly things
  28 wolf spiders
  4 manticores
  5 fauns
  7 merfolk sirens
  4 moths of wrath
  7 cyclopes
  A centaur zombie (D:13)
  6 elephants
  2 black mambas
  3 vault sentinels (Vaults:1)
  11 spiny frogs
  3 gargoyles
  An efreet (D:15)
  A kobold demonologist (D:15)
  10 demonic crawlers
  13 komodo dragons
  3 rime drakes (Lair:6)
  A freezing wraith (D:15)
  A tengu conjurer (D:14)
  12 trolls
  A queen bee (Lair:3)
  33 jumping spiders
  10 merfolk
  A wind drake (Lair:6)
  5 polar bears
  7 hornets
  Grinder (D:5)
  Prince Ribbit (D:6)
  9 blink frogs (Lair:5)
  4 slime creatures (D:12)
  8 hippogriffs
  A centaur simulacrum (D:15)
  2 shadows
  A water elemental (Shoals:1)
  60 redbacks
  35 tarantellas
  41 yaks
  9 wyverns
  A wraith (D:14)
  A steam dragon (Lair:5)
  3 vampire mosquitoes (D:15)
  3 basilisks
  3 hungry ghosts
  A warg (Orc:1)
  18 water moccasins
  3 soldier ants (Spider:1)
  5 porcupines
  23 orc warriors
  3 ice beasts
  3 sky beasts
  A phantom (D:5)
  11 ogres
  9 centaurs
  28 wolves
  14 crocodiles
  17 bullfrogs
  8 big kobolds
  2 gnoll sergeants
  A wyvern skeleton (D:13)
  2 scorpions
  26 killer bees
  8 wights
  7 howler monkeys
  2 electric eels
  8 crimson imps
  8 jellies
  2 bullfrog zombies (D:7)
  11 hounds
  A quasit (D:8)
  A gnoll shaman (D:9)
  33 orc priests
  4 centaur skeletons
  Jessica (D:2)
  4 bullfrog skeletons
  27 orc wizards
  7 hell rats
  4 yak simulacra (Lair:6)
  20 worker ants
  3 wolf simulacra (Lair:6)
  A polar bear simulacrum (Lair:6)
  A big kobold zombie (Ossuary)
  2 hound zombies
  8 mummies (Ossuary)
  3 hound skeletons
  18 gnolls
  13 adders
  5 shadow imps
  An ooze (D:2)
  5 worms
  A dart slug (D:1)
  5 leopard geckos
  86 orcs
  5 bats
  2 giant cockroaches
  11 goblins
  11 hobgoblins
  7 iguanas
  16 jackals
  3 quokkas
  2 ball pythons (D:2)
  3 frilled lizards
  2 gnoll zombies (Ossuary)
  4 hobgoblin zombies (Ossuary)
  A jackal skeleton (D:4)
  26 kobolds
  A kobold zombie (Ossuary)
  A leopard gecko skeleton (D:7)
  5 rats
  3 river rat simulacra (Lair:6)
  5 bushes (D:15)
  2 butterflies (Lair:2)
  2 plants (D:9)
1056 creatures vanquished.

Vanquished Creatures (others)
  A bullfrog (Lair:5)
  10 fungi
  29 plants
40 creatures vanquished.

Grand Total: 1096 creatures vanquished

Notes
Turn   | Place    | Note
-------+----------+-------------------------------------------
     0 | D:1      | Jannitor the Demigod Venom Mage began the quest for the
                  | Orb.
     0 | D:1      | Reached XP level 1. HP: 14/14 MP: 5/5
   154 | D:1      | Reached skill level 1 in Conjurations
   510 | D:1      | Reached XP level 2. HP: 22/22 MP: 2/7
   561 | D:1      | Learned a level 2 spell: Poisonous Vapours
  1215 | D:1      | Reached skill level 1 in Fighting
  1807 | D:2      | Found a glowing golden altar of the Shining One.
  2007 | D:2      | Reached XP level 3. HP: 28/28 MP: 5/8
  2120 | D:2      | Noticed Jessica
  2126 | D:2      | Killed Jessica
  2225 | D:2      | Reached XP level 4. HP: 35/35 MP: 6/9
  2763 | D:3      | Learned a level 3 spell: Mephitic Cloud
  2843 | D:3      | Reached skill level 2 in Spellcasting
  3038 | D:3      | Found a shimmering altar of Xom.
  3644 | D:3      | Reached XP level 5. HP: 41/41 MP: 10/10
  3792 | D:3      | Reached skill level 1 in Air Magic
  4134 | D:4      | Reached skill level 1 in Short Blades
  4242 | D:4      | Reached XP level 6. HP: 49/49 MP: 7/12
  4956 | D:4      | Found a roughly hewn altar of Beogh.
  5651 | D:5      | Entered Level 5 of the Dungeon
  5686 | D:5      | Found Niviz's Antique Weapon Shoppe.
  5690 | D:5      | Bought a runed long sword for 149 gold pieces
  5726 | D:5      | Reached XP level 7. HP: 32/56 MP: 8/14
  5890 | D:5      | Reached skill level 3 in Spellcasting
  5918 | D:5      | Reached skill level 1 in Long Blades
  6003 | D:5      | Learned a level 4 spell: Olgreb's Toxic Radiance
  6098 | D:5      | Noticed Grinder
  6107 | D:5      | Paralysed by Grinder for 5 turns
  6121 | D:5      | Paralysed by Grinder for 5 turns
  6128 | D:5      | Killed Grinder
  6237 | D:5      | Found Yrisemm's Food Emporium.
  6255 | D:5      | Found a stormy altar of Qazlal.
  6288 | D:5      | Found Voeg Feu's Food Emporium.
  6301 | D:5      | Reached XP level 8. HP: 55/66 MP: 16/16
  6432 | D:5      | Noticed Duvessa
  6432 | D:5      | Noticed Dowan
  6596 | D:5      | Found Lauffov's Antique Weapon Emporium.
  6602 | D:5      | Bought a glowing quarterstaff for 196 gold pieces
  6607 | D:5      | Found Tacseor's Book Boutique.
  6645 | D:5      | Noticed a hippogriff
  6653 | D:5      | Killed a hippogriff
  6875 | D:5      | Found a staircase to the Ecumenical Temple.
  7068 | D:6      | Found a sand-covered staircase.
  7072 | Ossuary  | Entered an ossuary
  7430 | D:6      | Noticed Prince Ribbit
  7448 | D:6      | Killed Prince Ribbit
  7448 | D:6      | Reached skill level 5 in Poison Magic
  7835 | D:6      | Found a shadowy altar of Dithmenos.
  7963 | D:6      | Found a runed translucent gate.
  7963 | D:6      | Found a runed translucent gate.
  7963 | D:6      | Found a runed translucent gate.
  7965 | D:6      | Found an opulent altar of Gozag.
  7966 | D:6      | Found Wiesihou's Antique Armour Shoppe.
  7966 | D:6      | Noticed SharpKris's ghost (novice HOFE)
  7967 | D:6      | Noticed a cyclops
  7967 | D:6      | Noticed a centaur warrior
  7974 | D:6      | Bought a jewelled ring mail for 261 gold pieces
  7984 | D:6      | Identified the +4 ring mail "Fuuvilel" {MP+9 Str+4 Int+4}
                  | (You bought it in a shop on level 6 of the Dungeon)
  8106 | D:6      | Reached skill level 4 in Spellcasting
  8554 | D:7      | Noticed Harold
  8569 | D:7      | Reached skill level 1 in Armour
  8569 | D:7      | Reached XP level 9. HP: 69/72 MP: 18/18
  8593 | D:7      | Killed Harold
  8593 | D:7      | Reached skill level 5 in Long Blades
  8942 | D:7      | Reached skill level 5 in Fighting
  9762 | D:8      | Reached skill level 5 in Spellcasting
 10038 | D:8      | Reached skill level 1 in Shields
 10094 | D:8      | Found a staircase to the Lair.
 10368 | D:9      | Reached XP level 10. HP: 81/81 MP: 21/21
 10676 | D:9      | Noticed a two-headed ogre
 10701 | D:9      | Killed a two-headed ogre
 11084 | D:9      | Noticed a two-headed ogre
 11099 | D:9      | Killed a two-headed ogre
 11602 | D:9      | Found a hazy altar of Hepliaklqana.
 11865 | D:9      | Found a blossoming altar of Fedhas.
 11997 | D:9      | Found a staircase to the Orcish Mines.
 12287 | D:10     | Entered Level 10 of the Dungeon
 12295 | D:10     | Noticed an unseen horror
 12295 | D:10     | Noticed a two-headed ogre
 12297 | D:10     | Noticed a two-headed ogre
 12308 | D:10     | Killed an unseen horror
 12311 | D:10     | Killed a two-headed ogre
 12311 | D:10     | Reached XP level 11. HP: 84/90 MP: 16/23
 12322 | D:10     | Killed a two-headed ogre
 12566 | Lair:1   | Entered Level 1 of the Lair of Beasts
 12633 | Lair:1   | Learned a level 4 spell: Sticky Flame
 12944 | Lair:1   | Reached skill level 6 in Spellcasting
 12955 | Lair:1   | Reached skill level 1 in Fire Magic
 14807 | Lair:2   | Found a hole to the Spider Nest.
 15337 | Lair:3   | Noticed a seven-headed hydra
 16140 | Orc:1    | Entered Level 1 of the Orcish Mines
 16146 | Orc:1    | Noticed Fannar
 16159 | Orc:1    | Killed Fannar
 16584 | Orc:2    | Entered Level 2 of the Orcish Mines
 16588 | Orc:2    | Noticed an orc high priest
 16601 | Orc:1    | Killed an orc high priest
 16601 | Orc:1    | Reached skill level 5 in Fire Magic
 16601 | Orc:1    | Reached XP level 12. HP: 99/100 MP: 22/26
 16957 | Orc:2    | Reached skill level 7 in Spellcasting
 17942 | Orc:2    | Found Onyosog's Armour Boutique.
 17942 | Orc:2    | Found Fifuuc's Distillery.
 17943 | Orc:2    | Found Zarghot's Assorted Antiques.
 17948 | Orc:2    | Found Naarphyku's Weapon Boutique.
 17951 | Orc:2    | Bought a scroll labeled UMOASKAZOU for 31 gold pieces
 18010 | Orc:2    | Reached skill level 5 in Conjurations
 18189 | Orc:2    | Found a staircase to the Elven Halls.
 18998 | Lair:3   | Killed a seven-headed hydra
 19600 | Lair:3   | Reached skill level 5 in Dodging
 19918 | Lair:3   | Found a staircase to the Shoals.
 20385 | Lair:4   | Reached XP level 13. HP: 101/108 MP: 29/29
 21421 | Lair:5   | Found a staircase to the Slime Pits.
 21421 | Lair:5   | Found a viscous altar of Jiyva.
 21677 | Lair:5   | Got a dazzling scale mail
 21688 | Lair:5   | Identified the +1 scale mail of the Sun {*Contam Dex+9}
                  | (You found it on level 5 of the Lair of Beasts)
 22117 | Lair:5   | Reached skill level 8 in Spellcasting
 22221 | Lair:6   | Entered Level 6 of the Lair of Beasts
 22315 | Lair:6   | Reached skill level 10 in Long Blades
 22514 | Lair:6   | Learned a level 5 spell: Fireball
 24167 | Lair:6   | Reached XP level 14. HP: 103/118 MP: 31/31
 25082 | D:10     | Identified the +4 shortbow of Hepliaklqana's Esteem {venom,
                  | rPois rN++ Int-3}
 25434 | D:10     | Noticed Erica
 25444 | D:10     | Killed Erica
 26839 | D:12     | You fall through a shaft for 2 floors!
 26908 | D:14     | Found Ymomoaq's Book Shop.
 26926 | D:14     | Noticed Snorg
 26973 | D:14     | Killed Snorg
 27539 | D:13     | Reached skill level 10 in Fire Magic
 28034 | Orc:2    | Bought the +4 skin of Zhor {Hibernate rC+++ SInv} for 2061
                  | gold pieces
 28034 | Orc:2    | Found the +4 skin of Zhor {Hibernate rC+++ SInv}
 28300 | D:14     | Found a sacrificial altar of Ru.
 28415 | D:14     | Reached skill level 9 in Spellcasting
 28474 | D:14     | Found a gate to the Vaults.
 28593 | D:15     | Entered Level 15 of the Dungeon
 28902 | D:15     | Noticed Louise
 28935 | D:15     | Killed Louise
 29122 | D:15     | Reached skill level 1 in Polearms
 29796 | D:15     | Noticed ciphuk's ghost (adept GnVM)
 29973 | D:15     | Found a transporter.
 30012 | D:15     | Found a transporter.
 30024 | D:15     | Identified the ring of the Final Chapter {*Tele Str+3 Dex-2
                  | Stlth+}
 30153 | D:15     | Reached skill level 5 in Shields
 30832 | Spider:1 | Entered Level 1 of the Spider Nest
 30875 | Lair:2   | Learned a level 5 spell: Venom Bolt
 31184 | Shoals:1 | Entered Level 1 of the Shoals
 32394 | Shoals:1 | Reached XP level 15. HP: 100/126 MP: 28/33
 33720 | Spider:1 | Reached skill level 5 in Polearms
 34727 | Spider:1 | Reached skill level 10 in Spellcasting
 35600 | Spider:2 | You fall through a shaft!
 36605 | Spider:2 | Found the +12 Vampire's Tooth {vamp}
 38956 | Spider:4 | Entered Level 4 of the Spider Nest
 39034 | Spider:4 | Reached XP level 16. HP: 133/133 MP: 36/36
 39068 | Spider:4 | Reached skill level 11 in Spellcasting
 42211 | Spider:4 | Reached skill level 10 in Shields
 42396 | Spider:4 | Got a gossamer rune of Zot
 42792 | D:11     | Gained mutation: Your muscles are strong. (Str +2) [potion
                  | of mutation]
 42792 | D:11     | Gained mutation: You are robust. (+10% HP) [potion of
                  | mutation]
 42875 | Vaults:1 | Entered Level 1 of the Vaults
 43025 | Vaults:1 | Learned a level 5 spell: Summon Mana Viper
 43187 | Vaults:1 | Reached skill level 1 in Summonings
 43189 | Vaults:1 | Reached skill level 1 in Hexes
 43294 | Vaults:1 | Found a magical portal.
 43316 | WizLab   | Entered Iskenderun's Mystic Tower
 43337 | WizLab   | Blown up by a conjurer statue

Skill      XL: |  1  2  3  4  5  6  7  8  9 10 11 12 13 14 15 16 |
---------------+-------------------------------------------------+-----
Conjurations   | 1 4 5 6 7 |  7.3
Dodging        | 2 3 4 5 6 7 |  7.2
Fighting       | 1 2 3 4 5 6 7 8 9 |  9.6
Poison Magic   | 3 4 5 6 7 8 9 |  9.1
Spellcasting   | 2 3 4 5 6 7 8 9 10 11 | 11.9
Air Magic      | 1 2 3 |  3.2
Short Blades   | 1 |  1.8
Long Blades    | 2 4 6 8 9 10 | 10.7
Armour         | 1 3 4 |  4.6
Shields        | 1 3 4 5 8 10 | 10.4
Fire Magic     | 5 7 9 10 | 10.2
Polearms       | 4 7 9 |  9.6
Summonings     | 1 |  1.1
Hexes          | 1 |  1.0
Stealth        | |  1.7

Action                   |  1- 3 |  4- 6 |  7- 9 | 10-12 | 13-15 | 16-18 || total
-------------------------+-------+-------+-------+-------+-------+-------++-------
Melee: Unarmed           |    18 |       |       |       |       |       ||    18
       Dagger            |    52 |   103 |       |     2 |       |       ||   157
       Long sword        |       |     9 |   350 |   558 |   431 |       ||  1348
       Scimitar          |       |       |       |       |   307 |       ||   307
       Demon trident     |       |       |       |       |   340 |   217 ||   557
 Cast: Sting             |    20 |     3 |     6 |     5 |       |       ||    34
       Poisonous Vapours |    23 |    42 |    28 |    92 |    30 |    50 ||   265
       Mephitic Cloud    |       |     2 |     4 |    29 |    17 |     2 ||    54
       Olgreb's Toxic Ra |       |       |    13 |   131 |   193 |    66 ||   403
       Sticky Flame      |       |       |       |    13 |   106 |    30 ||   149
       Fireball          |       |       |       |       |    74 |    13 ||    87
       Venom Bolt        |       |       |       |       |     3 |       ||     3
       Summon Mana Viper |       |       |       |       |       |     2 ||     2
Evoke: Wand              |       |       |     6 |    12 |    13 |       ||    31
       Lamp of fire      |       |       |       |       |     2 |     1 ||     3
  Use: Scroll            |     1 |     1 |    15 |    11 |    17 |     1 ||    46
       Potion            |       |     3 |     4 |     3 |     7 |     4 ||    21
 Stab: Sleeping          |     3 |     3 |     1 |     1 |     6 |       ||    14
       Confused          |       |     1 |     3 |     7 |     6 |       ||    17
       Distracted        |       |       |     1 |       |     1 |       ||     2
       Invisible         |       |       |       |       |     1 |       ||     1
       Held in net/web   |       |       |       |       |     1 |       ||     1
  Eat: Chunk             |     6 |     7 |    11 |    28 |    54 |     6 ||   112
       Ration            |       |     3 |     4 |     5 |     9 |     3 ||    24
Armor: Robe              |    21 |    10 |       |       |       |       ||    31
       Leather armour    |       |    22 |    33 |       |       |       ||    55
       Ring mail         |       |       |   130 |   188 |   274 |       ||   592
       Animal skin       |       |       |       |       |   163 |    56 ||   219
Dodge: Dodged            |    71 |    87 |   259 |   340 |   854 |   123 ||  1734
Block: Buckler           |       |       |    16 |   154 |   340 |     8 ||   518
       Shield            |       |       |       |       |       |   122 ||   122
       Rpst.: Long sword |       |     2 |    84 |    86 |    90 |       ||   262
       Scimitar          |       |       |       |       |    38 |       ||    38
